 Dungeon Crawl Stone Soup version 0.27.1-3-gb3d3a73c9e (webtiles) character file.

Game seed: 13031022064334480119

126 Descartes the Stinger (level 4, -2/25 HPs)
             Began as a Deep Elf Wanderer on Oct 9, 2021.
             Was an Initiate of Gozag.
             Slain by a black bear (3 damage)
             ... on level 3 of the Dungeon.
             The game lasted 00:07:54 (2422 turns).

Descartes the Stinger (Deep Elf Wanderer)           Turns: 2422, Time: 00:07:56

Health: -2/25      AC:  3    Str:  9    XL:     4   Next: 84%
Magic:  8/8        EV: 11    Int: 20    God:    Gozag
Gold:   163        SH:  0    Dex: 12    Spells: 3/6 levels left

rFire    . . .     SeeInvis .   a - +0 shortbow
rCold    . . .     Faith    .   (shield currently unavailable)
rNeg     . . .     Spirit   .   d - +0 robe
rPois    .         Reflect  .   (no helmet)
rElec    .         Harm     .   (no cloak)
rCorr    .         Rampage  .   (no gloves)
Will     .....                  t - +0 pair of boots
Stlth    +.........             p - amulet of magic regeneration
HPRegen  0.08/turn              (no ring)
MPRegen  0.36/turn              (no ring)

@: no status effects
A: no striking features
a: Renounce Religion, Potion Petition, Call Merchant, Bribe Branch


You were on level 3 of the Dungeon.
You worshipped Gozag.
Gozag was aware of your devotion.
You visited 1 branch of the dungeon, and saw 3 of its levels.

You collected 196 gold pieces.
You paid 33 gold pieces to Gozag.

Inventory:

Hand Weapons
 a - a +0 shortbow (weapon)
 r - a +1 vampiric dagger
Missiles
 b - 31 arrows (quivered ammo)
 i - 17 poisoned darts
 n - 6 stones
Armour
 d - a +0 robe (worn)
 t - a +0 pair of boots (worn)
Jewellery
 p - an amulet of magic regeneration (around neck)
Wands
 v - a wand of iceblast (5)
Scrolls
 f - a scroll of summoning {unknown}
 g - a scroll of noise {unknown}
 j - a scroll of fear {unknown}
 l - 2 scrolls of silence {unknown}
 q - 2 scrolls of vulnerability {unknown}
 u - a scroll of identify {unknown}
Potions
 c - a potion of lignification
 e - a potion of cancellation {unknown}
 h - 3 potions of curing {unknown}
 k - a potion of mutation {unknown}
 m - a potion of might {unknown}
 o - a potion of invisibility {unknown}
 s - a potion of ambrosia {unknown}


   Skills:
 - Level 1.0 Fighting
 - Level 3.0 Bows
 - Level 1.0 Armour
 - Level 1.0 Shields
 - Level 1.5 Spellcasting
 - Level 1.0 Air Magic
 + Level 5.7 Poison Magic
 - Level 1.1 Evocations


You had 3 spell levels left.
You knew the following spells:

 Your Spells              Type           Power      Damage    Failure   Level
a - Sting                 Tmut/Pois      52%        1d5       4%          1
b - Poisonous Vapours     Pois/Air       30%        N/A       6%          2

Your spell library contained the following spells:

 Spells                   Type           Power      Damage    Failure   Level
 Mephitic Cloud           Conj/Pois/Air  10%        N/A       21%         3
 Olgreb's Toxic Radiance  Pois           24%        N/A       16%         4


Dungeon Overview and Level Annotations

Branches:
Dungeon (3/15)

Altars:
Gozag
Qazlal
Yredelemnul
The Shining One


Message History

Your magical contamination has completely faded away.
The black bear barely misses you. The black bear claws you.
The black bear barely misses you.
Casting: Sting (safe; 4% risk of failure)
Confirm with . or Enter, or press ? or * to list all spells.
Aiming: Sting (safe; 4% risk of failure)
Press: ? - help, Shift-Dir - straight line, f/p - black bear
Aim: a black bear (moderately wounded, 79% to hit)
The sting hits the black bear.
The black bear is poisoned.
The black bear is heavily wounded.
The black bear bites you but does no damage.
The black bear claws you but does no damage.
The black bear barely misses you.
Casting: Sting (safe; 4% risk of failure)
Confirm with . or Enter, or press ? or * to list all spells.
Aiming: Sting (safe; 4% risk of failure)
Press: ? - help, Shift-Dir - straight line, f/p - black bear
Aim: a black bear (heavily wounded, poisoned, 79% to hit)
The sting misses the black bear.
The black bear barely misses you. x3
Casting: Sting (safe; 4% risk of failure)
Confirm with . or Enter, or press ? or * to list all spells.
Aiming: Sting (safe; 4% risk of failure)
Press: ? - help, Shift-Dir - straight line, f/p - black bear
Aim: a black bear (heavily wounded, poisoned, 79% to hit)
The sting hits the black bear.
The black bear looks even sicker.
The black bear is severely wounded.
The black bear bites you. The black bear misses you. The black bear claws you.
The black bear goes berserk!
The black bear bites you!
* * * LOW HITPOINT WARNING * * *
The black bear claws you.
* * * LOW HITPOINT WARNING * * *
The black bear misses you.
The black bear rages.
The black bear bites you but does no damage.
The black bear claws you.
* * * LOW HITPOINT WARNING * * *
The black bear claws you.
You die...
Your body crumbles into a pile of gold.

### ###.#
##########...####
###......@h..#....#
#.).#############.##
#.#........# #..#
#..........# ##.#
########..........#
#.#
........[.#########
#.# #######...# #.##
##...## #..#
#####....# ##.#


You could see a black bear (berserk, poisoned).

Vanquished Creatures
  A hound (D:2)
  2 adders
  A shadow imp (D:3)
  A dart slug (D:2)
  4 ball pythons
  7 bats
  6 endoplasms
  6 giant cockroaches
  5 goblins
  5 hobgoblins
  3 jackals (D:2)
  4 quokkas
  8 frilled lizards
  9 kobolds
  3 rats
65 creatures vanquished.

Notes
Turn   | Place    | Note
-------+----------+-------------------------------------------
     0 | D:1      | Descartes the Deep Elf Wanderer began the quest for the
                  | Orb.
     0 | D:1      | Descartes set off with the following items: a +0 shortbow,
                  | 29 arrows, a potion of lignification, a +0 robe; and the
                  | following spell memorised: Sting; and the following spells
                  | available to memorise: Poisonous Vapours, Mephitic Cloud,
                  | Olgreb's Toxic Radiance
     0 | D:1      | Reached XP level 1. HP: 12/12 MP: 5/5
     0 | D:1      | Noticed a white draconian
     1 | D:1      | Noticed an iron dragon
     3 | D:1      | Noticed a large abomination
     3 | D:1      | Noticed an ice dragon
     5 | D:1      | Noticed an orb of fire
     6 | D:1      | Noticed a shadow dragon
     9 | D:1      | Noticed a shadow dragon
    11 | D:1      | Noticed a tentacled monstrosity
    13 | D:1      | Noticed an ice dragon
    15 | D:1      | Noticed an orb of fire
    15 | D:1      | Noticed an ice dragon
    15 | D:1      | Noticed an orb of fire
    17 | D:1      | Noticed an orb of fire
    19 | D:1      | Noticed a large abomination
    19 | D:1      | Noticed an iron dragon
    23 | D:1      | Noticed a large abomination
   203 | D:1      | Reached skill level 4 in Poison Magic
   203 | D:1      | Reached XP level 2. HP: 16/16 MP: 6/6
   733 | D:1      | Reached XP level 3. HP: 20/20 MP: 3/7
   934 | D:1      | Learned a level 2 spell: Poisonous Vapours
  1130 | D:2      | Reached skill level 5 in Poison Magic
  1130 | D:2      | Reached XP level 4. HP: 13/25 MP: 2/8
  1579 | D:2      | You fall into a shaft and drop 1 floor!
  1579 | D:3      | Found a faded altar of an unknown god.
  1627 | D:3      | Found an opulent altar of Gozag.
  1683 | D:3      | Became a worshipper of Gozag Ym Sagoz the Greedy
  2028 | D:3      | Found a basalt altar of Yredelemnul.
  2251 | D:3      | Found a glowing golden altar of the Shining One.
  2369 | D:3      | Found a stormy altar of Qazlal.
  2370 | D:3      | Noticed a black bear
  2422 | D:3      | HP: 1/25 [black bear (1)]
  2422 | D:3      | Slain by a black bear

Illustrated notes

Levels and vault maps discovered:
D:1:      shiori_arrival_whats_in_store_for_you, layout_rooms,
          minmay_splitting_lines, minmay_3d_cube
D:2:      layout_basic, minivault_25
D:3:      minmay_diamond_boxcup, layout_rooms, general_overflow_altar,
          grunt_gozag_statues, mainiacjoe_overflow_large_starburst,
          shapermc_ecumenical_altar_starsandcircs, st_stairs_9,
          grunt_decor_fettered

Skill      XL: |  1  2  3  4 |
---------------+-------------+-----
Poison Magic   | 4 5 |  5.7
Bows           | 2 3 |  3.0
Fighting       | |  1.0
Armour         | |  1.0
Shields        | |  1.0
Spellcasting   | |  1.5
Air Magic      | |  1.0
Evocations     | |  1.1

Action                   |  1- 3 |  4- 6 || total
-------------------------+-------+-------++-------
 Fire: Shortbow          |    54 |    32 ||    86
 Cast: Sting             |    43 |    39 ||    82
       Poisonous Vapours |     8 |    10 ||    18
Armor: Robe              |     4 |     9 ||    13
Dodge: Dodged            |    23 |    19 ||    42
